 Dungeon Crawl Stone Soup version 0.21.1-1-g345015f (webtiles) character file.

591 tidbits the Grave Robber (level 7, 0/50 (51) HPs)
             Began as a Gnoll Necromancer on June 13, 2018.
             Was an Initiate of Cheibriados.
             Slain by a hippogriff (1 damage)
             ... on level 8 of the Dungeon.
             The game lasted 00:10:07 (942 turns).

tidbits the Grave Robber (Gnoll Necromancer)         Turns: 942, Time: 00:10:08

HP:   0/50 (51)     AC:  3    Str: 11    XL:     7   Next: 39%
MP:   1/15          EV: 15    Int: 20    God:    Cheibriados [......]
Gold: 97            SH:  0    Dex: 17    Spells: 9/17 levels left

rFire    . . .     SeeInvis .   d - +0 rapier
rCold    . . .     Gourm    .   (no shield)
rNeg     . . .     Faith    .   a - +1 robe
rPois    .         Spirit   .   (no helmet)
rElec    .         Reflect  .   (no cloak)
rCorr    .         Harm     .   (no gloves)
MR       .....                  (no boots)
Stlth    +++.......             (no amulet)
HPRegen  0.16/turn              (no ring)
MPRegen  0.14/turn              (no ring)

@: drained, very slow
A: distributed training, fangs 1, strong nose
a: Bend Time, Renounce Religion


You were on level 8 of the Dungeon.
You worshipped Cheibriados.
Cheibriados was noncommittal.
You were very hungry.

You visited 2 branches of the dungeon, and saw 8 of its levels.

You collected 97 gold pieces.

Inventory:

Hand Weapons
 d - a +0 rapier (weapon)
 f - a +0 club
 l - a +0 flail
Missiles
 g - 19 arrows
 i - 10 bolts
 k - 3 tomahawks (quivered)
Armour
 a - a +1 robe (worn)
Scrolls
 e - a scroll of identify
 h - a scroll of amnesia {unknown}
 j - a scroll of enchant armour
 n - a scroll of enchant weapon {unknown}
Books
 b - a book of Necromancy

   Spells                             Type                      Level
   a - Pain                           Necromancy                   1
   b - Animate Skeleton               Necromancy                   1
   c - Vampiric Draining              Necromancy                   3
   d - Regeneration                   Charms/Necromancy            3
   e - Animate Dead                   Necromancy                   4
   f - Borgnjor's Vile Clutch         Necromancy/Earth             5
Comestibles
 c - 4 rations


   Skills:
 + Level 2.4(2.1) Fighting
 + Level 2.4(2.1) Short Blades
 + Level 2.4(2.1) Long Blades
 + Level 2.4(2.1) Axes
 + Level 2.4(2.1) Maces & Flails
 + Level 2.4(2.1) Polearms
 + Level 2.4(2.1) Staves
 + Level 2.4(2.1) Slings
 + Level 2.4(2.1) Bows
 + Level 2.4(2.1) Crossbows
 + Level 2.4(2.1) Throwing
 + Level 2.4(2.1) Armour
 + Level 5.2(4.9) Dodging
 + Level 4.8(4.6) Stealth
 + Level 2.4(2.1) Shields
 + Level 2.4(2.1) Unarmed Combat
 + Level 5.6(5.3) Spellcasting
 + Level 2.0(1.7) Conjurations
 + Level 2.0(1.7) Hexes
 + Level 2.0(1.7) Charms
 + Level 2.0(1.7) Summonings
 + Level 7.4(7.1) Necromancy
 + Level 2.0(1.7) Translocations
 + Level 2.0(1.7) Transmutations
 + Level 2.0(1.7) Fire Magic
 + Level 2.0(1.7) Ice Magic
 + Level 2.0(1.7) Air Magic
 + Level 2.0(1.7) Earth Magic
 + Level 2.0(1.7) Poison Magic
 + Level 2.6(2.4) Invocations
 + Level 2.4(2.1) Evocations


You had 9 spell levels left.
You knew the following spells:

 Your Spells              Type           Power        Failure   Level  Hunger
a - Pain                  Necr           ####         1%          1    None
d - Vampiric Draining     Necr           ####......   1%          3    ##.....
n - Animate Skeleton      Necr           N/A          1%          1    None
r - Regeneration          Chrm/Necr      ###.......   5%          3    ##.....


Dungeon Overview and Level Annotations

Branches:
Dungeon (9/15)             Temple (1/1) D:7
   Lair: D:8-11         Orc: D:9-12

Altars:
Cheibriados
Elyvilon
Fedhas
Nemelex Xobeh
Okawaru
Trog
Vehumet
Wu Jian
Xom
The Shining One

Annotations:
D:4 Eustachio
D:8 Grum, Pikel


Innate Abilities, Weirdness & Mutations

Your experience applies equally to all skills.
You have very sharp teeth.
Your uncanny sense of smell can sniff out nearby items.


Message History

Found an animal skin.
An orc comes into view.
Found a ration.
Found a ration. 2 orcs, an orc warrior and an orc priest come into view.
An orc is wielding a short sword of draining.
The orc priest shouts!
The orc shouts! x3; You hear a shout!
Found a fizzy silvery potion.
An orc wizard comes into view. It is wielding a dagger.
You aren't carrying any items that you can evoke.
Unknown command.
Okay, then.
The orc barely misses you.
The orc hits you with a short sword of draining.
You feel drained.
The orc priest looks satisfied for a moment.
The orc misses you.
You are feeling very hungry.
As you read the scroll of teleportation, it crumbles to dust.
You feel strangely unstable. The orc misses you.
Unknown command.
Your surroundings suddenly seem different.
Found a stone staircase leading up and a stone staircase leading down.
A jackal comes into view.
There is a stone staircase leading up here.
You climb upwards.
Level annotation: Grum, Pikel The hippogriff bites you.
The hippogriff pecks you. The hippogriff closely misses you.
The hippogriff misses you. The hippogriff pecks you.
The hippogriff barely misses you.
There is a stone staircase leading down here.
Unknown command.
You aren't carrying any items that you can evoke.
Drop what? 13/52 slots (_ for help) (? for menu, Esc to quit)
Okay, then.
Casting: Pain
Confirm with . or Enter, or press ? or * to list all spells.
Aiming: Vampiric Draining
Press: ? - help, Shift-Dir - straight line, f - hippogriff
Aim: a hippogriff The hippogriff is lightly wounded.
You feel life coursing into your body. The hippogriff bites you.
The hippogriff pecks you! The hippogriff claws you.
Casting: Vampiric Draining
Confirm with . or Enter, or press ? or * to list all spells.
Aiming: Vampiric Draining
Press: ? - help, Shift-Dir - straight line, f/p - hippogriff
Aim: a hippogriff (lightly wounded)
The hippogriff is moderately wounded.
You feel life coursing into your body. The hippogriff barely misses you.
The hippogriff pecks you. The hippogriff claws you!
* * * LOW HITPOINT WARNING * * *
Casting: Vampiric Draining
Confirm with . or Enter, or press ? or * to list all spells.
Aiming: Vampiric Draining
Press: ? - help, Shift-Dir - straight line, f/p - hippogriff
Aim: a hippogriff (moderately wounded)
The hippogriff is heavily wounded.
You feel life coursing into your body. The hippogriff closely misses you.
The hippogriff pecks you but does no damage.
The hippogriff claws you.
* * * LOW HITPOINT WARNING * * *
Casting: Vampiric Draining
Confirm with . or Enter, or press ? or * to list all spells.
Aiming: Vampiric Draining
Press: ? - help, Shift-Dir - straight line, f/p - hippogriff
Aim: a hippogriff (heavily wounded)
The hippogriff is severely wounded.
You feel life coursing into your body. The hippogriff bites you.
* * * LOW HITPOINT WARNING * * *
The hippogriff pecks you.
* * * LOW HITPOINT WARNING * * *
The hippogriff misses you.
Casting: Vampiric Draining
Confirm with . or Enter, or press ? or * to list all spells.
Aiming: Vampiric Draining
Press: ? - help, Shift-Dir - straight line, f/p - hippogriff
Aim: a hippogriff (severely wounded)
The hippogriff is almost dead.
You feel life coursing into your body. The hippogriff closely misses you.
The hippogriff pecks you.
* * * LOW HITPOINT WARNING * * *
The hippogriff barely misses you.
You hit the hippogriff but do no damage.
You bite the hippogriff.
The hippogriff is almost dead.
The hippogriff bites you!
* * * LOW HITPOINT WARNING * * *
The hippogriff pecks you!
* * * LOW HITPOINT WARNING * * *
The hippogriff barely misses you.
You aren't carrying any potions.
Unknown command.
You closely miss the hippogriff.
The hippogriff is almost dead.
The hippogriff closely misses you. x2; The hippogriff barely misses you.
You hit the hippogriff.
The hippogriff is almost dead.
The hippogriff bites you.
You die...

..#)## ### ..############
##### #.
##.......@H...####.#.# ..
...####..#.#.#....#.# # #.
#.# #..# #.#.####.# #.#.
##.## #..#.#.#.# #.#
#.#.###...## #..#.#.#.#
#.#
#....#.....###..#.#.#.#
#.# #....<........#.#.#.#
#.## ##.#.....#.#.#..#.#.#
#..# ##
#.##.......o.....#.#####.#
#.


You could see a hippogriff.

Vanquished Creatures
  An orc warrior (D:8)
  A necrophage (D:9)
  A wolf (D:8)
  A crocodile (D:8)
  2 bullfrogs
  A jelly (D:4)
  An iguana (D:7)
  A worker ant (D:8)
  A hound skeleton (D:8)
  2 adders (D:7)
  A leopard gecko (D:2)
  4 orcs
  A ball python (D:2)
  2 giant cockroaches
  2 goblins
  4 hobgoblins
  2 bats (D:2)
  A frilled lizard (D:2)
  2 rats (D:2)
31 creatures vanquished.

Notes
Turn   | Place    | Note
-------+----------+-------------------------------------------
     0 | D:1      | tidbits the Gnoll Necromancer began the quest for the Orb.
     0 | D:1      | Reached XP level 1. HP: 13/13 MP: 6/6
    95 | D:2      | Reached XP level 2. HP: 12/19 MP: 4/7
    98 | D:2      | Learned a level 1 spell: Animate Skeleton
   174 | D:3      | Found an iron altar of Okawaru.
   241 | D:4      | Reached skill level 5 in Spellcasting
   241 | D:4      | Reached skill level 1 in Invocations
   241 | D:4      | Reached XP level 3. HP: 3/25 MP: 3/9
   246 | D:4      | Learned a level 3 spell: Vampiric Draining
   250 | D:4      | Learned a level 3 spell: Regeneration
   254 | D:4      | Noticed Eustachio
   262 | D:4      | You fall through a shaft for 3 floors!
   287 | D:7      | Reached skill level 1 in Fighting
   287 | D:7      | Reached skill level 1 in Short Blades
   287 | D:7      | Reached skill level 1 in Long Blades
   287 | D:7      | Reached skill level 1 in Axes
   287 | D:7      | Reached skill level 1 in Maces & Flails
   287 | D:7      | Reached skill level 1 in Polearms
   287 | D:7      | Reached skill level 1 in Staves
   287 | D:7      | Reached skill level 1 in Slings
   287 | D:7      | Reached skill level 1 in Bows
   287 | D:7      | Reached skill level 1 in Crossbows
   287 | D:7      | Reached skill level 1 in Throwing
   287 | D:7      | Reached skill level 1 in Armour
   287 | D:7      | Reached skill level 1 in Shields
   287 | D:7      | Reached skill level 1 in Unarmed Combat
   287 | D:7      | Reached skill level 1 in Evocations
   287 | D:7      | Reached XP level 4. HP: 13/32 MP: 0/11
   350 | D:7      | Reached skill level 1 in Conjurations
   350 | D:7      | Reached skill level 1 in Hexes
   350 | D:7      | Reached skill level 1 in Charms
   350 | D:7      | Reached skill level 1 in Summonings
   350 | D:7      | Reached skill level 1 in Translocations
   350 | D:7      | Reached skill level 1 in Transmutations
   350 | D:7      | Reached skill level 1 in Fire Magic
   350 | D:7      | Reached skill level 1 in Ice Magic
   350 | D:7      | Reached skill level 1 in Air Magic
   350 | D:7      | Reached skill level 1 in Earth Magic
   350 | D:7      | Reached skill level 1 in Poison Magic
   364 | D:7      | Noticed an orc warrior
   367 | D:7      | Noticed an ice beast
   400 | D:7      | Found a staircase to the Ecumenical Temple.
   405 | Temple   | Entered the Ecumenical Temple
   437 | Temple   | Became a worshipper of Cheibriados the Contemplative
   498 | D:7      | Noticed a bullfrog
   502 | D:7      | Killed a bullfrog
   502 | D:7      | Reached XP level 5. HP: 26/37 MP: 4/12
   519 | D:8      | Noticed Pikel
   519 | D:8      | Noticed a slave
   519 | D:8      | Noticed a slave
   519 | D:8      | Noticed a slave
   519 | D:8      | Noticed a slave
   530 | D:8      | Noticed an ogre
   546 | D:8      | Reached XP level 6. HP: 30/44 MP: 1/13
   572 | D:8      | Noticed an orc warrior
   607 | D:8      | Killed an orc warrior
   607 | D:8      | Reached skill level 5 in Dodging
   607 | D:8      | Reached skill level 2 in Invocations
   638 | D:8      | Reached skill level 2 in Fighting
   638 | D:8      | Reached skill level 2 in Short Blades
   638 | D:8      | Reached skill level 2 in Long Blades
   638 | D:8      | Reached skill level 2 in Axes
   638 | D:8      | Reached skill level 2 in Maces & Flails
   638 | D:8      | Reached skill level 2 in Polearms
   638 | D:8      | Reached skill level 2 in Staves
   638 | D:8      | Reached skill level 2 in Slings
   638 | D:8      | Reached skill level 2 in Bows
   638 | D:8      | Reached skill level 2 in Crossbows
   638 | D:8      | Reached skill level 2 in Throwing
   638 | D:8      | Reached skill level 2 in Armour
   638 | D:8      | Reached skill level 2 in Shields
   638 | D:8      | Reached skill level 2 in Unarmed Combat
   638 | D:8      | Reached skill level 2 in Evocations
   707 | D:8      | Noticed Grum
   708 | D:8      | Reached XP level 7. HP: 41/50 MP: 8/15
   794 | D:8      | Noticed a hippogriff
   885 | D:9      | Reached skill level 2 in Conjurations
   885 | D:9      | Reached skill level 2 in Hexes
   885 | D:9      | Reached skill level 2 in Charms
   885 | D:9      | Reached skill level 2 in Summonings
   885 | D:9      | Reached skill level 2 in Translocations
   885 | D:9      | Reached skill level 2 in Transmutations
   885 | D:9      | Reached skill level 2 in Fire Magic
   885 | D:9      | Reached skill level 2 in Ice Magic
   885 | D:9      | Reached skill level 2 in Air Magic
   885 | D:9      | Reached skill level 2 in Earth Magic
   885 | D:9      | Reached skill level 2 in Poison Magic
   940 | D:8      | HP: 1/50 [hippogriff (7)]
   942 | D:8      | Slain by a hippogriff

Skill      XL: |  1  2  3  4  5  6  7 |
---------------+----------------------+-----
Spellcasting   | 5 |  5.6
Invocations    | 1 2 |  2.6
Fighting       | 1 2 |  2.4
Short Blades   | 1 2 |  2.4
Long Blades    | 1 2 |  2.4
Axes           | 1 2 |  2.4
Maces & Flails | 1 2 |  2.4
Polearms       | 1 2 |  2.4
Staves         | 1 2 |  2.4
Slings         | 1 2 |  2.4
Bows           | 1 2 |  2.4
Crossbows      | 1 2 |  2.4
Throwing       | 1 2 |  2.4
Armour         | 1 2 |  2.4
Shields        | 1 2 |  2.4
Unarmed Combat | 1 2 |  2.4
Evocations     | 1 2 |  2.4
Conjurations   | 1 2 |  2.0
Hexes          | 1 2 |  2.0
Charms         | 1 2 |  2.0
Summonings     | 1 2 |  2.0
Translocations | 1 2 |  2.0
Transmutations | 1 2 |  2.0
Fire Magic     | 1 2 |  2.0
Ice Magic      | 1 2 |  2.0
Air Magic      | 1 2 |  2.0
Earth Magic    | 1 2 |  2.0
Poison Magic   | 1 2 |  2.0
Dodging        | 5 |  5.2
Stealth        | |  4.8
Necromancy     | |  7.4

Action                   |  1- 3 |  4- 6 |  7- 9 || total
-------------------------+-------+-------+-------++-------
Melee: Club              |     1 |     4 |       ||     5
       Unarmed           |     1 |       |       ||     1
       Bite              |       |     2 |     4 ||     6
       Rapier            |       |     5 |    28 ||    33
 Cast: Pain              |    29 |    22 |     3 ||    54
       Regeneration      |       |     2 |     2 ||     4
       Animate Skeleton  |       |     1 |       ||     1
       Vampiric Draining |       |     7 |     5 ||    12
  Use: Potion            |     2 |     2 |       ||     4
       Scroll            |       |     4 |     3 ||     7
 Stab: Sleeping          |     2 |     2 |       ||     4
Armor: Robe              |     1 |     4 |     8 ||    13
Dodge: Dodged            |     5 |    42 |    37 ||    84

Table legend:
 A = Turns spent in this place as a percentage of turns spent in the entire game.
 B = Non-inter-level travel turns spent in this place as a percentage of non-inter-level travel turns spent in the entire game.
 C = Inter-level travel turns spent in this place as a percentage of turns spent in this place.
 D = Turns resting spent in this place as a percentage of non-inter-level travel turns spent in this place.
 E = Turns spent auto-exploring this place as a percentage of non-inter-level travel turns spent in this place.
 F = Non-inter-level travel turns spent in this place divided by the number of levels of this place that you've seen.
                   A       B       C       D       E      F
               +-------+-------+-------+-------+-------+----------------------
         Total | 100.0 | 100.0 |   4.9 |   0.0 |   0.0 | 112.0
       Dungeon |  93.1 |  96.2 |   1.7 |   0.0 |   0.0 | 123.1
        Temple |   6.9 |   3.8 |  47.7 |   0.0 |   0.0 |  34.0
               +-------+-------+-------+-------+-------+----------------------

Table legend:
 A = Kills in this place as a percentage of kills in entire the game.
 B = Kills by you in this place as a percentage of kills by you in the entire game.
 C = Kills by friends in this place as a percentage of kills by friends in the entire game.
 D = Other kills in this place as a percentage of other kills in the entire game.
 E = Experience gained in this place as a percentage of experience gained in the entire game.
 F = Experience gained in this place divided by the number of levels of this place that you have seen.
                   A       B       C       D       E      F
               +-------+-------+-------+-------+-------+----------------------
         Total | 100.0 | 100.0 |   N/A |   N/A | 100.0 | 105.6
       Dungeon | 100.0 | 100.0 |   N/A |   N/A | 100.0 | 120.7
               +-------+-------+-------+-------+-------+----------------------

Vault maps used:
D:1:      scummos_arrival_star
D:3:      kennysheep_six_static_rooms, okawaru_ov_weapons_minmay, first_ration,
          lightli_sewer_entry_pipes
D:4:      uniq_eustachio
D:7:      minmay_the_grid_square_5x5_3x3, overflow_temple_1_default,
          kennysheep_little_box, gammafunk_temple_overflow_elements,
          minmay_temple_entry_mist
D:8:      nicolae_ru_path_of_blood, lemuel_coloured_pillars_altar, uniq_grum,
          uniq_pikel
D:9:      grunt_lair_entry_orc_guard_hut, erik_orc_1
Temple:   nicolae_temple_hex_pool
